 Seeded DCSS version 0.29-a0-23-ga79f92ac9c (webtiles) character file.

Game seed: 10000000000011 (custom seed)

80 knot the Chopper (level 4, -9/52 HPs)
             Began as a Demonspawn Berserker on Jan 31, 2022.
             Was a Believer of Trog.
             Mangled by an ogre (14 damage)
             ... on level 3 of the Dungeon.
             The game lasted 00:01:18 (2102 turns).

knot the Chopper (Demonspawn Berserker)             Turns: 2102, Time: 00:01:19

Health: -9/52      AC:  5    Str: 17    XL:     4   Next: 18%
Magic:  4/4        EV: 11    Int: 10    God:    Trog [**....]
Gold:   73         SH:  5    Dex: 13    Spells: 3/3 levels left

rFire   . . .      SeeInvis .   a - +0 hand axe
rCold   . . .      Faith    .   (no shield)
rNeg    . . .      Spirit   .   h - +0 ring mail
rPois   .          Reflect  +   (no helmet)
rElec   .          Harm     .   (no cloak)
rCorr   .          Rampage  .   (no gloves)
Will    .....                   (no boots)
Stlth   ..........              d - amulet of reflection
HPRegen 0.17/turn               (no ring)
MPRegen 0.18/turn               (no ring)

@: berserking, very quick
A: magic regeneration, demonic touch 1
a: Renounce Religion, Berserk, Trog's Hand


You were on level 3 of the Dungeon.
You worshipped Trog.
Trog was pleased with you.
You visited 1 branch of the dungeon, and saw 3 of its levels.

You collected 73 gold pieces.

Inventory:

Hand Weapons
 a - a +0 hand axe (weapon)
Missiles
 f - 23 stones (quivered)
 i - 2 poisoned darts
Armour
 h - a +0 ring mail (worn)
Jewellery
 d - an amulet of reflection (around neck)
Scrolls
 c - a scroll of amnesia {unknown}
 j - a scroll of identify {unknown}
 m - a scroll of blinking {unknown}
Potions
 b - a potion of might {unknown}
 e - a potion of curing {unknown}
 g - a potion of lignification {unknown}
 k - a potion of magic {unknown}
 l - a potion of heal wounds {unknown}


   Skills:
 - Level 3.0 Fighting
 + Level 4.6 Axes
 - Level 1.7 Armour
 - Level 1.7 Dodging


You had 3 spell levels left.
You didn't know any spells.
Your spell library contained the following spells:

 Spells                   Type           Power      Damage    Failure   Level
 Corpse Rot               Necr/Air       0%         N/A       71%         2
 Ensorcelled Hibernation  Hex/Ice        0%         N/A       71%         2
 Passwall                 Tmut/Erth      0%         N/A       71%         2
 Poisonous Vapours        Pois/Air       0%         N/A       71%         2
 Swiftness                Air            0%         N/A       90%         3


Dungeon Overview and Level Annotations

Branches:
Dungeon (3/15)

Altars:


Innate Abilities, Weirdness & Mutations

You regenerate magic rapidly.
Your touch may inflict minor irresistible damage on your foes.


Message History

No target in view!
You block the bat's attack. The bat hits you but does no damage.
You slash the bat!
You kill the bat!
Trog accepts your kill.
No target in view!
No target in view!
No target in view!
Found a stone staircase leading up.
No target in view!
There is a stone staircase leading up here.
A bat comes into view.
The bat barely misses you.
You barely miss the bat. Your touch misses the bat.
The bat hits you but does no damage. The bat hits you but does no damage.
You block the bat's attack.
You hit the bat.
You kill the bat!
Trog accepts your kill.
No target in view!
No target in view!
You now have 73 gold pieces (gained 2).
An ogre comes into view. It is wielding a +0 giant spiked club.
The ogre shouts!
An ogre is nearby!
An adder comes into view.
The adder hisses angrily.
The ogre misses you.
You hit the ogre.
The ogre is lightly wounded.
You hit the ogre.
The ogre is moderately wounded.
The ogre hits you with a +0 giant spiked club!!
Ouch! That really hurt!
* * * LOW HITPOINT WARNING * * *
A red film seems to cover your vision as you go berserk!
You feel yourself moving faster!
You feel mighty!
The ogre hits you with a +0 giant spiked club!
You die...

#.. #.. ###.. ###....
#...... #.#.... ......#
......O#### #.....#
.....S.@..## #.....#
......##...# ###.....#
......##...###.......###
............##..........
........####.##....#..#
..##.#.# #..........#
.... ## ##.##.###..###
## #.# #...#.# #.....
+.###.# #.....# #..###


You could see an ogre and an adder.

Vanquished Creatures
  3 adders (D:2)
  4 endoplasms
  A giant cockroach (D:1)
  3 goblins
  4 hobgoblins
  14 jackals
  A ball python (D:2)
  7 bats
  4 frilled lizards
  2 kobolds (D:2)
  5 rats
48 creatures vanquished.

Notes
Turn   | Place    | Note
-------+----------+-------------------------------------------
     0 | D:1      | knot the Demonspawn Berserker began the quest for the Orb.
     0 | D:1      | Reached XP level 1. HP: 18/18 MP: 1/1
   151 | D:1      | Reached skill level 3 in Axes
   311 | D:1      | Gained mutation: You regenerate magic rapidly. [demonic
                  | ancestry]
   311 | D:1      | Reached XP level 2. HP: 15/24 MP: 2/2
  1254 | D:2      | Gained mutation: Your touch may inflict minor irresistible
                  | damage on your foes. [demonic ancestry]
  1254 | D:2      | Reached XP level 3. HP: 29/29 MP: 3/3
  1319 | D:2      | Reached ** piety under Trog
  1320 | D:2      | Reached skill level 4 in Axes
  1731 | D:2      | Reached XP level 4. HP: 35/35 MP: 4/4
  2096 | D:3      | Noticed an ogre
  2102 | D:3      | Mangled by an ogre

Illustrated notes

Levels and vault maps discovered:
D:1:      lordsloth_arrival_two_stooges, layout_basic, grunt_decor_fettered,
          minmay_misc_feat_diagonals, nicolae_concentric_dashed_squares_wild
D:2:      layout_rooms, hangedman_decor_clover_reticule
D:3:      layout_basic, serial_shops, shop, kennysheep_path_1

Skill      XL: |  1  2  3 |
---------------+----------+-----
Axes           | 3 4 |  4.6
Fighting       | |  3.0
Armour         | |  1.7
Dodging        | |  1.7

Action                   |  1- 3 |  4- 6 || total
-------------------------+-------+-------++-------
Melee: Hand axe          |   104 |    11 ||   115
       Touch             |     4 |       ||     4
Invok: Berserk           |     2 |     1 ||     3
Armor: Animal skin       |    21 |       ||    21
       Ring mail         |    23 |     6 ||    29
Dodge: Dodged            |    74 |     4 ||    78
Block: Other             |    25 |     2 ||    27
       Reflection        |     1 |       ||     1

Table legend: (Time is in decaauts)
 A = Elapsed time spent in this place.
 B = Non-inter-level travel time spent in this place.
 C = Inter-level travel time spent in this place.
 D = Time resting spent in this place.
 E = Time spent auto-exploring this place.
 F = Levels seen in this place.
 G = Mean time per level.
                   A        B        C        D        E       F      G
               +--------+--------+--------+--------+--------+-----+--------+
         Total |   2137 |   2040 |     97 |    518 |   1244 |   3 |  712.3 |
       Dungeon |   2137 |   2040 |     97 |    518 |   1244 |   3 |  712.3 |
               +--------+--------+--------+--------+--------+-----+--------+

Top non-repeatable levels by time:
     D:1: 1268 daAuts
     D:2: 745 daAuts
     D:3: 122 daAuts
